 Dungeon Crawl Stone Soup version 0.29.1-15-g9cfb28693d (webtiles) character file.

Game seed: 17051574975214967234

142 Sharkman1231 the Stinger (level 5, 0/63 HPs)
             Began as a Naga Venom Mage on Apr 16, 2023.
             Slain by Crazy Yiuf
             ... wielding a +4 quarterstaff of chaos
              (3 damage)
             ... on level 2 of the Dungeon.
             The game lasted 00:02:51 (2225 turns).

Sharkman1231 the Stinger (Naga Venom Mage)          Turns: 2225, Time: 00:02:51

Health: 0/63       AC:  4    Str: 10    XL:     5   Next: 25%
Magic:  6/9        EV: 10    Int: 22    God:
Gold:   31         SH:  0    Dex: 13    Spells: 6/9 levels left

rFire   . . .      SeeInvis +   c - +0 spear
rCold   . . .      Faith    .   (no shield)
rNeg    . . .      Spirit   .   a - +0 robe
rPois   +          Reflect  .   (no helmet)
rElec   .          Harm     .   (no cloak)
rCorr   .          Rampage  .   i - +1 pair of gloves
Will    .....                   (no barding)
Stlth   ..........              (no amulet)
HPRegen 0.20/turn               g - +6 ring of intelligence
MPRegen 0.11/turn               (no ring)

@: berserking, quick
A: AC +1, large, see invisible, deformed body, poison resistance, slowness 2,
spit poison 1, naga tail 1
a: Spit Poison


You were on level 2 of the Dungeon.
You visited 1 branch of the dungeon, and saw 2 of its levels.

You collected 31 gold pieces.

Inventory:

Hand Weapons
 c - a +0 spear (weapon)
 e - a +1 antimagic whip
Armour
 a - a +0 robe (worn)
 i - a +1 pair of gloves (worn)
Jewellery
 g - a +6 ring of intelligence (left hand)
 k - a ring of fire
Wands
 q - a wand of polymorph (6)
Scrolls
 d - a scroll of noise
 j - a scroll of fear
 m - a scroll of magic mapping
 o - a scroll of immolation
 p - a scroll of poison
Potions
 b - a potion of magic
 f - a potion of heal wounds
 n - a potion of haste
 r - a potion of flight


   Skills:
 - Level 1.8 Dodging
 - Level 3.5 Stealth
 + Level 1.4 Unarmed Combat
 + Level 2.7 Spellcasting
 + Level 2.2 Transmutations
 + Level 1.4 Air Magic
 + Level 4.9 Poison Magic


You had 6 spell levels left.
You knew the following spells:

 Your Spells              Type           Power      Damage    Failure   Level
a - Sting                 Tmut/Pois      72%        1d6       3%          1
b - Poisonous Vapours     Pois/Air       34%        N/A       5%          2

Your spell library contained the following spells:

 Spells                   Type           Power      Damage    Failure   Level
 Magic Dart               Conj           12%        1d3       13%         1
 Mephitic Cloud           Conj/Pois/Air  12%        N/A       16%         3
 Olgreb's Toxic Radiance  Pois           24%        N/A       17%         4
 Call Imp                 Summ           3%         N/A       19%         2


Dungeon Overview and Level Annotations

Branches:
Dungeon (2/15)

Altars:

Annotations:
D:2 Crazy Yiuf


Innate Abilities, Weirdness & Mutations

Your serpentine skin is tough. (AC +1)
You have supernaturally acute eyesight. (SInv)
Armour fits poorly on your strangely shaped body.
Your system is resistant to poisons. (rPois)
You cover ground very slowly.
You can spit poison.
You have a snake-like lower body.


Message History

Casting: Poisonous Vapours (safe; 5% risk of failure)
Confirm with . or Enter, or press ? or * to list all spells.
Aiming: Poisonous Vapours (safe; 5% risk of failure)
Press: ? - help, Dir - move target, f - Crazy Yiuf
Aim: Crazy Yiuf, wielding a +4 quarterstaff of chaos and wearing a +0 cloak (asleep) Poisonous vapours surround Crazy Yiuf!
Crazy Yiuf is poisoned.
Crazy Yiuf shouts!
Aiming: Spit Poison (1% risk of failure)
Press: ? - help, Shift-Dir - straight line, f/p - Crazy Yiuf
Aim: Crazy Yiuf, wielding a +4 quarterstaff of chaos and wearing a +0 cloak (poisoned, 65% to hit)
The splash of poison hits Crazy Yiuf.
Crazy Yiuf is lightly wounded.
Unknown command.
The sting hits Crazy Yiuf.
Crazy Yiuf looks even sicker.
Crazy Yiuf is moderately wounded.
Unknown command.
You hit Crazy Yiuf but do no damage.
Crazy Yiuf is moderately wounded.
Crazy Yiuf hits you with a +4 quarterstaff of chaos!
Crazy Yiuf freezes you.
You hit Crazy Yiuf but do no damage.
Crazy Yiuf is moderately wounded.
Crazy Yiuf glowers.
Crazy Yiuf hits you with a +4 quarterstaff of chaos.
You easily resist.
You hit Crazy Yiuf but do no damage.
Crazy Yiuf is moderately wounded.
Crazy Yiuf hits you with a +4 quarterstaff of chaos!
* * * LOW HITPOINT WARNING * * *
You blink.
Unknown command.
A red film seems to cover your vision as you go berserk!
You feel yourself moving faster!
You feel mighty!
You have got your breath back.
You barely miss Crazy Yiuf.
Crazy Yiuf is heavily wounded.
Crazy Yiuf hits you with a +4 quarterstaff of chaos!
* * * LOW HITPOINT WARNING * * *
Crazy Yiuf freezes you.
You die...

##...# #.......... ##.##
######.#..# ##.#
#...##.#... #.##
###.##.#### ##### ##.#
###.##.#### ##...# #ยง##
#......>... #...## ##'##
###.#.##### #....# #g..#
##.#.##### #...## #@..#
#..)...>## ###..# #)..#
#.......## #.## #####
#......... ##.##
##.##.##.## #...#
########..##..#...
#..#####.......#.##..#.##
#..............#.......##
#.......)......####...<..
#..#####.####### ##.####


You could see Crazy Yiuf (very poisoned).

Vanquished Creatures
  Natasha (thrice) (D:2)
  2 adders (D:2)
  A worm (D:2)
  3 dart slugs
  A ball python (D:1)
  7 bats
  4 endoplasms
  4 goblins
  3 hobgoblins
  6 kobolds
  4 quokkas
  A frilled lizard (D:1)
  6 rats
45 creatures vanquished.

Notes
Turn   | Place    | Note
-------+----------+-------------------------------------------
     0 | D:1      | Sharkman1231 the Naga Venom Mage began the quest for the
                  | Orb.
     0 | D:1      | Reached XP level 1. HP: 15/15 MP: 3/3
   134 | D:1      | Reached XP level 2. HP: 22/22 MP: 3/5
   502 | D:1      | Learned a level 2 spell: Poisonous Vapours
   569 | D:1      | Reached XP level 3. HP: 24/28 MP: 6/6
   987 | D:2      | Found a faded altar of an unknown god.
  1015 | D:2      | Noticed Natasha
  1021 | D:2      | Killed Natasha
  1131 | D:2      | Reached XP level 4. HP: 36/36 MP: 4/7
  1305 | D:2      | Noticed Natasha
  1314 | D:2      | Killed Natasha
  1315 | D:2      | Reached skill level 1 in Unarmed Combat
  1315 | D:2      | Reached skill level 1 in Air Magic
  1736 | D:2      | Reached XP level 5. HP: 42/42 MP: 9/9
  1775 | D:2      | Found a runed translucent door.
  1776 | D:2      | Noticed Crazy Yiuf
  2049 | D:2      | Noticed Natasha
  2066 | D:2      | Killed Natasha
  2225 | D:2      | HP: 3/63 [Crazy Yiuf/+4 quarterstaff of chaos (10)]
  2225 | D:2      | Slain by Crazy Yiuf

Illustrated notes

Levels and vault maps discovered:
D:1:      heliophobic_arrival_battle_scene, layout_rooms
D:2:      minmay_general_purpose_star, layout_loops_cross,
          ebering_ecumenical_altar_sacrificial, minmay_distorted, uniq_natasha,
          uniq_crazy_yiuf_cottage

Skill      XL: |  1  2  3  4 |
---------------+-------------+-----
Unarmed Combat | 1 |  1.4
Air Magic      | 1 |  1.4
Transmutations | 2 |  2.2
Dodging        | |  1.8
Stealth        | |  3.5
Spellcasting   | |  2.7
Poison Magic   | |  4.9

Action                   |  1- 3 |  4- 6 || total
-------------------------+-------+-------++-------
Melee: Unarmed           |     2 |       ||     2
       Spear             |    28 |    49 ||    77
       Punch             |       |     1 ||     1
 Cast: Sting             |    19 |    14 ||    33
       Poisonous Vapours |     2 |     5 ||     7
 Abil: Spit Poison       |     7 |     6 ||    13
  Use: Scroll            |     3 |     6 ||     9
       Potion            |       |     1 ||     1
 Stab: Sleeping          |     3 |     2 ||     5
Armor: Robe              |    13 |    12 ||    25
Dodge: Dodged            |    14 |    16 ||    30
